 Dungeon Crawl Stone Soup version 0.30-a0-739-gea05faddec (webtiles) character file.

Game seed: 17288544380377051255

47 M4edhros the Insei (level 3, -7/34 HPs)
             Began as an Octopode Transmuter on Feb 4, 2023.
             Mangled by NoOffense's ghost (13 damage)
             ... on level 4 of the Dungeon.
             The game lasted 00:01:50 (403 turns).

M4edhros the Insei (Octopode Transmuter)             Turns: 403, Time: 00:01:51

Health: -7/34      AC: 21    Str:  9    XL:     3   Next: 70%
Magic:  6/6        EV:  2    Int: 15    God:
Gold:   47         SH:  0    Dex: 14    Spells: 2/6 levels left

rFire   . . .      SeeInvis .      - Unarmed
rCold   . . .      Faith    .    (no shield)
rNeg    . . .      Spirit   .    (helmet currently unavailable)
rPois   +          Reflect  .    (no amulet)
rElec   .          Harm     .    (no ring)
rCorr   .          Rampage  .    (no ring)
Will    .....      NoTele   +    (no ring)
Stlth   +                        (no ring)
HPRegen 0.25/turn                (no ring)
MPRegen 0.10/turn                (no ring)
                                 (no ring)
                                 (no ring)

@: mighty, tree-form
A: stationary, stasis, torment immunity, boosted hp, almost no armour,
(amphibious), 8 rings, (camouflage 1), (gelatinous body 1), (nimble swimmer 1),
(tentacles)
a: no special abilities


You were on level 4 of the Dungeon.
You were a tree.
You visited 1 branch of the dungeon, and saw 4 of its levels.

You collected 47 gold pieces.

Inventory:

Hand Weapons
 c - a +0 sling
Scrolls
 b - a scroll of teleportation {unknown}


   Skills:
 - Level 1.0 Fighting
 - Level 2.0 Dodging
 + Level 3.8 Unarmed Combat
 - Level 2.0 Spellcasting
 - Level 3.0 Transmutations
 + Level 0.1 Poison Magic


You had 2 spell levels left.
You knew the following spells:

 Your Spells              Type           Power      Damage    Failure   Level
a - Beastly Appendage     Tmut           20%        N/A       6%          1
b - Spider Form           Tmut/Pois      6%         N/A       34%         3

Your spell library contained the following spells:

 Spells                   Type           Power      Damage    Failure   Level
 Wereblood                Tmut           10%        N/A       10%         2
 Ice Form                 Ice/Tmut       6%         N/A       75%         4


Dungeon Overview and Level Annotations

Branches:
Dungeon (4/15)
 Temple: D:4-7

Altars:

Portals:
Abyss: D:4

Annotations:
D:4 1 transporter, NoOffense's ghost, novice TrMo


Innate Abilities, Weirdness & Mutations

You are a tree.
Your roots penetrate the ground, keeping you stationary.
You cannot be teleported.
You are immune to unholy pain and torment.
Your maximum health is greatly increased.
You cannot wear most types of armour.
((You are amphibious.))
You can wear up to eight rings at the same time.
((Your skin changes colour to match your surroundings (Stealth+).))
((Your rubbery body absorbs attacks. (AC +1, EV +1)))
((You are camouflaged when in or above water. (Stealth+)))
((You have tentacles for arms and can constrict up to eight enemies at once.))


Message History

There is a transporter landing site here.
Found a transporter.
You now have 47 gold pieces (gained 15).
Found a scroll labelled TIMEUREYNI.
Found a transporter.
An iguana comes into view.
There is a transporter here.
You enter the transporter and appear at another place.
A kobold, a shadow imp and a NoOffense's ghost come into view.
The kobold is wielding a +2 short sword of distortion.
The kobold shouts!
The shadow imp shouts, "Out, out, thou plume-plucked spleeny varlet!"
NoOffense's ghost turns its malevolent gaze towards you.
Found a one-way gate to the infinite horrors of the Abyss.
Okay, then.
Really quaff the potion of lignification?
You turn into a tree.
Your roots penetrate the ground.
NoOffense's ghost hits you.
You smack NoOffense's ghost!
NoOffense's ghost is lightly damaged.
NoOffense's ghost hits you!
You hit NoOffense's ghost.
NoOffense's ghost is lightly damaged.
NoOffense's ghost barely misses you.
You hit NoOffense's ghost but do no damage.
NoOffense's ghost is lightly damaged.
The shadow imp hits you. NoOffense's ghost hits you.
It was a potion of might.
You feel very mighty all of a sudden.
The shadow imp hits you but does no damage.
NoOffense's ghost hits you but does no damage.
A small abomination comes into view.
You smack NoOffense's ghost!
NoOffense's ghost is moderately damaged.
The shadow imp hits you but does no damage.
The kobold hits you but does no damage. Space warps horribly around you!
* * * LOW HITPOINT WARNING * * *
NoOffense's ghost whispers, "Death is liberation."
NoOffense's ghost hits you!
You die...

# # . ## .#. .. .. ..###
.##. # .###...###. ..
...#..^.?.#.# #..5.#x.#
.?# ##.#.K♣W∩?# ....# # #
##.#.####.#..# ....# #.#.
.^. #..##..###....# l....
#©###...###..#....#
#...###.......####[...#.#
#....©.........©.......#
#.....................#
###
#..............##.#####
#.## #################.#


You could see a small abomination, NoOffense's ghost, a shadow imp and a kobold.

Vanquished Creatures
  A hound (D:4)
  4 orcs (D:4)
  3 endoplasms
  A giant cockroach (D:4)
  A goblin (D:4)
  A hobgoblin (D:4)
  2 kobolds
13 creatures vanquished.

Notes
Turn   | Place    | Note
-------+----------+-------------------------------------------
     0 | D:1      | M4edhros the Octopode Transmuter began the quest for the
                  | Orb.
     0 | D:1      | Reached XP level 1. HP: 13/13 MP: 3/3
    71 | D:1      | You fall into a shaft and drop 1 floor!
   201 | D:4      | Reached XP level 2. HP: 10/18 MP: 3/5
   328 | D:4      | Reached XP level 3. HP: 11/23 MP: 4/6
   334 | D:4      | Learned a level 3 spell: Spider Form
   388 | D:4      | Found a transporter.
   395 | D:4      | Found a transporter.
   397 | D:4      | Noticed NoOffense's ghost (novice TrMo)
   397 | D:4      | Found a one-way gate to the infinite horrors of the Abyss.
   402 | D:4      | Noticed a small abomination
   403 | D:4      | Mangled by NoOffense's ghost

Illustrated notes

Levels and vault maps discovered:
D:1:      dpeg_arrival_simpleton_c, layout_loops_ring,
          minmay_misc_feat_enclosed, minmay_misc_feat_x
D:2:      layout_loops_cross, serial_shops, nicolae_shop_crystal, shop, shop,
          grunt_decor_resistance
D:3:      layout_basic, serial_rivers, chequers_serial_rivers_large_b,
          chequers_serial_rivers_room_a, chequers_serial_rivers_marsh,
          chequers_serial_rivers_large_a, chequers_serial_rivers_micro_b,
          chequers_serial_rivers_small_3, hangedman_feature_mirror
D:4:      layout_loops_ring, mainiacjoe_overflow_surrounded_room, serial_shops,
          shop, gammafunk_ghost_abyssal_escape

Skill      XL: |  1  2 |
---------------+-------+-----
Transmutations | 3 |  3.0
Fighting       | |  1.0
Dodging        | |  2.0
Unarmed Combat | |  3.8
Spellcasting   | |  2.0
Poison Magic   | |  0.1

Action                     || total
---------------------------++-------
  Melee: Unarmed           ||    40
         Constrict         ||     9
         Tentacles         ||     8
         Kick              ||     5
         Punch             ||     1
   Cast: Beastly Appendage ||     3
    Use: Potion            ||     2
   Stab: Sleeping          ||     3
 Armour: Skin              ||     4
  Dodge: Dodged            ||    23

Table legend: (Time is in decaauts)
 A = Elapsed time spent in this place.
 B = Non-inter-level travel time spent in this place.
 C = Inter-level travel time spent in this place.
 D = Time resting spent in this place.
 E = Time spent auto-exploring this place.
 F = Levels seen in this place.
 G = Mean time per level.
                   A        B        C        D        E       F      G
               +--------+--------+--------+--------+--------+-----+--------+
         Total |    400 |    400 |      0 |      6 |     47 |   4 |  100.0 |
       Dungeon |    400 |    400 |      0 |      6 |     47 |   4 |  100.0 |
               +--------+--------+--------+--------+--------+-----+--------+

Top non-repeatable levels by time:
     D:4: 208 daAuts
     D:1: 71 daAuts
     D:3: 68 daAuts
     D:2: 53 daAuts
